 Dungeon Crawl Stone Soup version 0.29-a0-483-g69413ace17 (webtiles) character file.

Game seed: 7836016418557585066

5292 NateTC the Cleaver (level 10, 0/94 HPs)
             Began as a Hill Orc Fighter on May 26, 2022.
             Was an Elder of Okawaru.
             Slain by a yak simulacrum (15 damage)
             ... on level 9 of the Dungeon.
             The game lasted 00:16:27 (10063 turns).

NateTC the Cleaver (Hill Orc Fighter)              Turns: 10063, Time: 00:16:27

Health: 0/94       AC: 19    Str: 27    XL:     10   Next: 63%
Magic:  10/10      EV:  8    Int:  8    God:    Okawaru [****..]
Gold:   465        SH: 11    Dex: 13    Spells: 9/9 levels left

rFire   . . .      SeeInvis .   z - +10 hand axe of Hyipubba {protect, Str+3}
rCold   . . .      Faith    .   c - +0 buckler
rNeg    + . .      Spirit   .   D - +0 chain mail
rPois   .          Reflect  +   r - +2 hat
rElec   .          Harm     .   (no cloak)
rCorr   .          Rampage  .   (no gloves)
Will    .....                   (no boots)
Stlth   ..........              d - amulet "Qoyga" {Reflect Dex+3 SH+5}
HPRegen 0.25/turn               e - ring of positive energy
MPRegen 0.12/turn               (no ring)

@: under a protective aura
A: no striking features
a: Renounce Religion, Heroism, Finesse


You were on level 9 of the Dungeon.
You worshipped Okawaru.
Okawaru was greatly pleased with you.
You visited 2 branches of the dungeon, and saw 10 of its levels.

You collected 465 gold pieces.

Inventory:

Hand Weapons
 a - a +0 war axe of protection
 p - the +6 mace of Risafuk {venom, Str-4 Int+10 Dex+3 Stlth+}
   (You found it on level 6 of the Dungeon)

   It poisons the flesh of those it strikes.
   Str:       It affects your strength (-4).
   Int:       It affects your intelligence (+10).
   Dex:       It affects your dexterity (+3).
   Stlth:     It makes you more stealthy.
 z - the +10 hand axe of Hyipubba (weapon) {protect, Str+3}
   (You found it on level 5 of the Dungeon)

   It grants its wielder temporary protection when it strikes (+7 to AC).
   Str:       It affects your strength (+3).
Armour
 c - a +0 buckler (worn)
 r - a +2 hat (worn)
 D - a +0 chain mail (worn)
Jewellery
 b - an amulet of faith
 d - the amulet "Qoyga" (around neck) {Reflect Dex+3 SH+5}
   (You acquired it on level 5 of the Dungeon)

   [amulet of reflection]

   It reflects blocked missile attacks.
   Dex:       It affects your dexterity (+3).
   SH:        It affects your SH (+5).
 e - a ring of positive energy (left hand)
Wands
 k - a wand of paralysis (9)
 n - a wand of charming (7)
 y - a wand of acid (5)
 B - a wand of polymorph (2)
Scrolls
 h - a scroll of amnesia
 l - 2 scrolls of fog
 m - a scroll of poison
 v - 2 scrolls of teleportation
 w - a scroll of enchant armour
 A - a scroll of fear
 C - a scroll of enchant weapon {unknown}
 E - 2 scrolls of identify
Potions
 f - a potion of degeneration {unknown}
 i - 4 potions of brilliance
 j - 2 potions of attraction
 o - a potion of haste
 q - a potion of lignification {unknown}
 t - a potion of mutation {unknown}
 u - 2 potions of berserk rage
 x - a potion of flight {unknown}


   Skills:
 - Level 10.7 Fighting
 - Level 13.4 Axes
 - Level 5.8 Armour
 * Level 8.0 Shields


You had 9 spell levels left.
You didn't know any spells.
Your spell library contained the following spells:

 Spells                   Type           Power      Damage    Failure   Level
 Apportation              Tloc           0%         N/A       96%         1
 Necrotize                Necr           0%         1d4       96%         1
 Inner Flame              Hex/Fire       0%         N/A       100%        3
 Portal Projectile        Hex/Tloc       0%         N/A       100%        3
 Cause Fear               Hex            0%         N/A       100%        4
 Leda's Liquefaction      Hex/Erth       0%         N/A       100%        4
 Olgreb's Toxic Radiance  Pois           0%         N/A       100%        4
 Blade Hands              Tmut           0%         N/A       100%        5
 Ozocubu's Refrigeration  Ice            0%         4d5       100%        7
 Discord                  Hex            0%         N/A       100%        8
 Ignition                 Fire           0%         3d3       100%        8
 Summon Small Mammal      Summ           Unusable   N/A       N/A         1
 Call Canine Familiar     Summ           Unusable   N/A       N/A         3
 Tukima's Dance           Hex            Unusable   N/A       N/A         3

Dungeon Overview and Level Annotations

Branches:
Dungeon (9/15)             Temple (1/1) D:5
   Lair: D:8-11         Orc: D:9-12

Altars:
Ashenzari
Cheibriados
Dithmenos
Elyvilon
Fedhas
Gozag
Hepliaklqana
Kikubaaqudgha
Nemelex Xobeh
Okawaru
Qazlal
Ru
Sif Muna
Trog
Uskayaw
Vehumet
Wu Jian
Xom
Yredelemnul
Zin
The Shining One

Annotations:
D:5 3 runed translucent doors, pigah's ghost, amateur OpAE
D:8 exclusion: statue


Message History

You start resting.
The walls and floor vibrate strangely for a moment.
You start resting.
A killer bee is nearby!
The killer bee buzzes angrily.
You open the door.
A yak simulacrum, a necromancer and a wolf simulacrum come into view.
The necromancer shouts!
The necromancer casts a spell at you.
Your body is wracked with pain!
Found 5 boomerangs.
The killer bee attacks as you move away!
You block the killer bee's attack.
The killer bee stings you but does no damage.
The yak simulacrum gores you but does no damage.
There is an open door here.
You block the killer bee's attack. The yak simulacrum gores you!
The yak simulacrum freezes you!
You hit the necromancer.
Your weapon exudes an aura of protection.
The necromancer is lightly wounded.
You hit the killer bee. You hit the yak simulacrum.
You barely miss the wolf simulacrum.
The killer bee stings you but does no damage.
The wolf simulacrum bites you.
* * * LOW HITPOINT WARNING * * *
The wolf simulacrum freezes you!
* * * LOW HITPOINT WARNING * * *
You slash the necromancer!
The necromancer is moderately wounded.
You miss the killer bee. You slash the yak simulacrum!
You slash the wolf simulacrum!
The killer bee stings you but does no damage.
The necromancer completely misses you.
The wolf simulacrum bites you but does no damage.
The killer bee stings you but does no damage.
The yak simulacrum gores you.
* * * LOW HITPOINT WARNING * * *
The yak simulacrum freezes you!
You die...

...# #
####################.#
##..... .........#
#.#### # .### .......#
#..... ##.<##
#.P...###### ######
......# #.⌠.........
##..#># #.P..# # ..#
#....# ## ##+###y#.#
#....Z@#.# .# #
#....Zp#.# .# ###
#(#....#.# .# # ..# #
#....#.# .# ## ..#
#######.# .# ##. ..##
........######.## #.#
...# ####............#
##. ...#+
##########..## ##
....# ### #..# #


You could see a necromancer, a killer bee, a wolf simulacrum and a yak
simulacrum.

Vanquished Creatures
  Joseph (D:8)
  2 hornets
  5 yaks (D:9)
  3 wyverns
  Grum (D:8)
  Eustachio (D:5)
  Menkaure (D:5)
  2 water moccasins
  2 orc warriors
  2 black bears
  A sky beast (D:7)
  2 wolves (D:8)
  2 centaurs
  A kobold brigand (D:9)
  3 bullfrogs
  3 necrophages
  4 scorpions
  7 killer bees (D:9)
  2 electric eels (D:8)
  6 howler monkeys
  3 hounds (D:5)
  A gnoll shaman (D:7)
  4 orc priests
  A jelly (D:6)
  Jessica (D:3)
  6 orc wizards
  Terence (D:2)
  4 iguanas
  3 gnolls (D:7)
  4 adders
  A white imp (D:5)
  3 worms
  3 dart slugs
  16 orcs
  4 ball pythons
  3 bats
  9 endoplasms
  7 giant cockroaches
  13 goblins
  7 hobgoblins
  6 jackals
  10 kobolds
  2 quokkas
  4 frilled lizards
  3 rats
170 creatures vanquished.

Notes
Turn   | Place    | Note
-------+----------+-------------------------------------------
     0 | D:1      | NateTC the Hill Orc Fighter began the quest for the Orb.
     0 | D:1      | Reached XP level 1. HP: 19/19 MP: 1/1
    36 | D:1      | Reached skill level 3 in Axes
    71 | D:1      | Reached XP level 2. HP: 10/26 MP: 2/2
   379 | D:1      | Reached skill level 4 in Axes
   784 | D:1      | Reached XP level 3. HP: 32/33 MP: 3/3
  1599 | D:2      | Reached XP level 4. HP: 24/41 MP: 4/4
  1747 | D:2      | Noticed Terence
  1753 | D:2      | Killed Terence
  1754 | D:2      | Reached skill level 5 in Fighting
  2101 | D:3      | Found a glowing silver altar of Zin.
  2136 | D:3      | Noticed Jessica
  2153 | D:3      | Killed Jessica
  2156 | D:3      | Reached XP level 5. HP: 37/50 MP: 5/5
  2872 | D:3      | Found a faded altar of an unknown god.
  3416 | D:4      | Reached XP level 6. HP: 43/59 MP: 6/6
  3926 | D:5      | Entered Level 5 of the Dungeon
  4123 | D:5      | Found a staircase to the Ecumenical Temple.
  4140 | Temple   | Entered the Ecumenical Temple
  4313 | Temple   | Became a worshipper of Warmaster Okawaru
  4443 | D:5      | Reached XP level 7. HP: 68/69 MP: 7/7
  4574 | D:5      | Found a runed translucent gate.
  4575 | D:5      | Found a runed translucent gate.
  4575 | D:5      | Noticed pigah's ghost (amateur OpAE)
  4576 | D:5      | Found a runed translucent gate.
  4584 | D:5      | Noticed Eustachio
  4601 | D:5      | Noticed Menkaure
  4911 | D:5      | Killed Menkaure
  4911 | D:5      | Reached * piety under Okawaru
  4912 | D:5      | Reached skill level 10 in Fighting
  4915 | D:5      | Killed Eustachio
  4916 | D:5      | Reached XP level 8. HP: 20/81 MP: 8/8
  5371 | D:5      | Reached skill level 5 in Axes
  5805 | D:5      | Identified the +10 hand axe of Hyipubba {protect, Str+3}
  5813 | D:5      | Identified a scroll of acquirement
  5813 | D:5      | Acquired the amulet "Qoyga" {Reflect Dex+3 SH+5}
  6036 | D:6      | Identified the +6 mace of Risafuk {venom, Str-4 Int+10
                  | Dex+3 Stlth+}
  6094 | D:6      | Reached ** piety under Okawaru
  6095 | D:6      | Reached skill level 6 in Axes
  6150 | D:6      | Reached skill level 7 in Axes
  6250 | D:6      | Reached skill level 8 in Axes
  6631 | D:7      | Noticed a wyvern
  6635 | D:7      | Reached skill level 9 in Axes
  6640 | D:7      | Killed a wyvern
  6641 | D:7      | Reached skill level 10 in Axes
  6641 | D:7      | Reached XP level 9. HP: 61/86 MP: 9/9
  6767 | D:7      | Noticed a hornet
  6774 | D:7      | Killed a hornet
  6775 | D:7      | Reached skill level 11 in Axes
  7362 | D:7      | Reached *** piety under Okawaru
  7363 | D:7      | Reached skill level 12 in Axes
  7713 | D:8      | Noticed Joseph
  7720 | D:8      | Killed Joseph
  7721 | D:8      | Reached skill level 13 in Axes
  7730 | D:8      | Noticed a hornet
  7748 | D:8      | Paralysed by a hornet for 1 turns
  7752 | D:8      | Killed a hornet
  7941 | D:8      | Noticed Grum
  7952 | D:8      | Killed Grum
  7957 | D:8      | Reached skill level 5 in Armour
  7957 | D:8      | Reached XP level 10. HP: 39/94 MP: 10/10
  8531 | D:8      | Found a radiant altar of Vehumet.
  9235 | D:9      | Found a hide-covered altar of Uskayaw.
  9235 | D:9      | Noticed a +0 hand axe
  9235 | D:9      | Noticed a +0 hand axe
  9265 | D:9      | Reached skill level 5 in Shields
  9310 | D:9      | Reached **** piety under Okawaru
  9744 | D:9      | HP: 2/94 [water moccasin (6)]
 10059 | D:9      | Noticed a necromancer
 10063 | D:9      | Slain by a yak simulacrum

Illustrated notes

Levels and vault maps discovered:
D:1:      amcnicky_arrival_gap_in_the_tavern_cellar, layout_loops_ring
D:2:      layout_loops_ring, serial_bayou_pond_d, uniq_terence
D:3:      layout_basic, zin_statuary, shapermc_ecumenical_altar_mp_vishouse,
          columned_hall_lemuel, uniq_jessica
D:4:      layout_gridville
D:5:      layout_basic, minmay_temple_entry_junction, gammafunk_ghost_split,
          enter_ossuary_1, minmay_misc_feat_encased, uniq_eustachio,
          uniq_menkaure
D:6:      layout_cave_pools
D:7:      layout_basic, serial_curves, eino_curves_03, eino_curves_01
D:8:      statuecave_lemuel, layout_basic, vehumet_statue, uniq_grum,
          uniq_joseph
D:9:      layout_loops_ring, dancing_weapons_uskayaw, enter_bailey_6,
          grunt_ministairs_4, eino_house_with_fridge
Temple:   mainiacjoe_temple_coin_purse

Skill      XL: |  1  2  3  4  5  6  7  8  9 10 |
---------------+-------------------------------+-----
Axes           | 3 4 10 13 | 13.4
Fighting       | 4 5 7 8 10 | 10.7
Armour         | 5 |  5.8
Shields        | 8 |  8.0

Action                   |  1- 3 |  4- 6 |  7- 9 | 10-12 || total
-------------------------+-------+-------+-------+-------++-------
Melee: War axe           |   115 |   175 |    62 |       ||   352
       Hand axe          |       |       |   134 |   106 ||   240
Invok: Heroism           |       |       |       |     1 ||     1
  Use: Scroll            |     5 |     2 |    12 |     1 ||    20
       Potion            |       |       |     2 |     4 ||     6
Armor: Scale mail        |    55 |   103 |    98 |     2 ||   258
       Chain mail        |       |       |       |    84 ||    84
       Skin              |       |       |       |     3 ||     3
Dodge: Dodged            |    59 |    88 |    83 |    47 ||   277
Block: Buckler           |    29 |    39 |    84 |    46 ||   198
       Reflection        |       |       |     1 |     1 ||     2

Table legend: (Time is in decaauts)
 A = Elapsed time spent in this place.
 B = Non-inter-level travel time spent in this place.
 C = Inter-level travel time spent in this place.
 D = Time resting spent in this place.
 E = Time spent auto-exploring this place.
 F = Levels seen in this place.
 G = Mean time per level.
                   A        B        C        D        E       F      G
               +--------+--------+--------+--------+--------+-----+--------+
         Total |  10129 |   9856 |    273 |   2843 |   4744 |  10 | 1012.9 |
       Dungeon |   9947 |   9690 |    257 |   2775 |   4660 |   9 | 1105.2 |
        Temple |    182 |    166 |     16 |     68 |     84 |   1 |  182.0 |
               +--------+--------+--------+--------+--------+-----+--------+

Top non-repeatable levels by time:
     D:5: 1642 daAuts
     D:8: 1598 daAuts
     D:1: 1187 daAuts
     D:4: 1146 daAuts
     D:7: 1010 daAuts
     D:3: 988 daAuts
     D:2: 947 daAuts
     D:9: 813 daAuts
     D:6: 611 daAuts
  Temple: 182 daAuts
